 Dungeon Crawl Stone Soup version 0.28.0 (webtiles) character file.

Game seed: 10021213234480948890

6468 shoop the Basher (level 11, -4/117 HPs)
             Began as an Ogre Hunter on Feb 13, 2022.
             Was a High Priest of Okawaru.
             Slain by a cane toad (6 damage)
             ... on level 1 of the Lair of Beasts.
             The game lasted 00:22:31 (13952 turns).

shoop the Basher (Ogre Hunter)                     Turns: 13952, Time: 00:22:32

Health: -4/117     AC:  7    Str: 30    XL:     11   Next: 0%
Magic:  0/14       EV: 12    Int: 14    God:    Okawaru [*****.]
Gold:   698        SH:  0    Dex: 11    Spells: 10/10 levels left

rFire   . . .      SeeInvis .   a - +9 great mace "Utryr" {venom, Str+4 Dex+2 Stlth-}
rCold   . . .      Faith    .   (shield currently unavailable)
rNeg    . . .      Spirit   +   O - +0 steam dragon scales
rPois   .          Reflect  .   (helmet restricted)
rElec   .          Harm     .   (no cloak)
rCorr   .          Rampage  .   (gloves unavailable)
Will    +....                   (boots unavailable)
Stlth   ++........              o - amulet of guardian spirit
HPRegen 0.29/turn               y - +6 ring of strength
MPRegen 0.14/turn               R - ring of wizardry

@: lethally poisoned (-4 -> -69), about to teleport, heroic
A: large, unfitting armour, tough skin 1
a: Renounce Religion, Heroism, Finesse, Duel


You were on level 1 of the Lair of Beasts.
You worshipped Okawaru.
Okawaru was extremely pleased with you.
You visited 3 branches of the dungeon, and saw 12 of its levels.

You collected 698 gold pieces.

Inventory:

Hand Weapons
 a - the +9 great mace "Utryr" (weapon) {venom, Str+4 Dex+2 Stlth-}
   (You took it off an ogre on level 6 of the Dungeon)

   It poisons the flesh of those it strikes.
   Str:       It affects your strength (+4).
   Dex:       It affects your dexterity (+2).
   Stlth:     It makes you less stealthy.
 c - a +0 flail
 i - a +0 mace
 J - a +0 giant spiked club
 K - a +1 flail of protection
 L - a +0 giant club
 N - a +0 short sword
Missiles
 d - 2 throwing nets
 e - 9 javelins
 u - 291 stones (quivered)
 v - 6 large rocks
 T - 2 silver boomerangs
 Y - 6 datura-tipped darts
Armour
 b - a +0 robe
 O - +0 steam dragon scales (worn)
Jewellery
 o - an amulet of guardian spirit (around neck)
 y - a +6 ring of strength (left hand)
 R - a ring of wizardry (right hand)
 U - a ring of ice
 V - a ring of resist corrosion
Wands
 l - a wand of iceblast (15)
 S - a wand of digging (7)
 X - a wand of paralysis (4)
Scrolls
 f - 3 scrolls of magic mapping
 g - 2 scrolls of amnesia
 k - 2 scrolls of fog {unknown}
 n - 3 scrolls of enchant weapon
 p - 2 scrolls of blinking {unknown}
 q - 3 scrolls of teleportation
 r - a scroll of torment
 s - 2 scrolls of noise {unknown}
 t - a scroll of acquirement
 w - a scroll of brand weapon {unknown}
 C - a scroll of silence
 D - a scroll of summoning {unknown}
 E - 4 scrolls of immolation {unknown}
 G - a scroll of vulnerability {unknown}
 I - a scroll of holy word
 Q - a scroll of fear {unknown}
Potions
 h - a potion of might {unknown}
 m - 2 potions of lignification {unknown}
 x - 2 potions of invisibility {unknown}
 z - a potion of attraction
 A - 2 potions of degeneration {unknown}
 B - 4 potions of curing {unknown}
 F - a potion of brilliance {unknown}
 H - a potion of ambrosia {unknown}
 M - a potion of haste {unknown}
 P - a potion of flight {unknown}
 W - a potion of mutation {unknown}


   Skills:
 - Level 10.0(15.0) Fighting
 + Level 11.0(16.0) Maces & Flails
 + Level 5.5(10.5) Throwing
 + Level 3.9(8.9) Dodging
 - Level 1.0(6.0) Stealth
 - Level 5.0 Invocations
 - Level 3.0 Evocations


You had 10 spell levels left.
You didn't know any spells.
Your spell library contained the following spells:

 Spells                   Type           Power      Damage    Failure   Level
 Orb of Destruction       Conj           0%         9d5       100%        7
 Summon Guardian Golem    Hex/Summ       Unusable   N/A       N/A         3
 Spellforged Servitor     Conj/Summ      Unusable   N/A       N/A         7

Dungeon Overview and Level Annotations

Branches:
Dungeon (10/15)            Temple (1/1) D:6            Lair (1/6) D:9
    Orc: D:9-12

Altars:
Cheibriados
Dithmenos
Kikubaaqudgha
Okawaru
Ru

Shops:
D:6 (

Annotations:
D:3 1 runed translucent door, GrayStillPlays's ghost, amateur DsFi
D:5 ooooo's ghost, novice OpCj


Innate Abilities, Weirdness & Mutations

You are too large for most types of armour.
You have tough skin. (AC +1)


Message History

The cane toad poisons you!
You closely miss the cane toad.
The cane toad is heavily wounded.
You feel extremely sick.
The cane toad stings you but does no damage.
You barely miss the cane toad.
The cane toad is heavily wounded.
You feel extremely sick. The cane toad stings you!
The cane toad stings you but does no damage.
You gain the combat prowess of a mighty hero.
You feel extremely sick. The cane toad stings you!
* * * LOW HITPOINT WARNING * * *
You are lethally poisoned!
The cane toad poisons you! The cane toad stings you!
* * * LOW HITPOINT WARNING * * *
You feel much better.
* * * LOW HITPOINT WARNING * * *
You feel extremely sick. The cane toad barely misses you.
The cane toad closely misses you. The cane toad stings you!!
* * * LOW HITPOINT WARNING * * *
You are more poisoned.
The cane toad poisons you!
Okay, then.
Unknown command.
Save game and exit?
Welcome back, shoop the Ogre Hunter.
Okawaru says: Bring me glory in combat!
Press ? for a list of commands and other information.
As you read the scroll labelled TEAVEL TEMMOG, it crumbles to dust.
You feel strangely unstable.
It was a scroll of teleportation.
* * * LOW HITPOINT WARNING * * *
You feel extremely sick. The cane toad stings you.
* * * LOW HITPOINT WARNING * * *
You are more poisoned.
The cane toad poisons you! The cane toad stings you.
You die...

...## ### ##
...#P#####P############.
........................
........................
........................
........................
......F.................
......F@................
#######.###..###.#####..
### #### ### ###


You could see 2 cane toads.

Vanquished Creatures
  Maurice (D:8)
  A gargoyle (D:8)
  A hornet (D:9)
  9 yaks
  A basilisk (Lair:1)
  A wyvern (D:9)
  A steam dragon (D:8)
  A vampire mosquito (D:9)
  2 water moccasins
  2 orc warriors (D:9)
  A sky beast (D:7)
  4 black bears
  The ghost of Esekla the Sneak, an amateur DrDe (D:6)
  3 necrophages
  6 ogres
  3 centaurs
  2 phantoms
  A kobold brigand (D:8)
  2 bullfrogs
  3 scorpions
  A water moccasin zombie (D:6)
  A wyvern zombie (D:9)
  A water moccasin skeleton (D:4)
  4 killer bees (D:9)
  3 wights
  A howler monkey (D:5)
  2 centaur zombies (D:9)
  2 orc priests
  2 hounds
  2 jellies
  A gnoll shaman (D:7)
  A bullfrog skeleton (D:5)
  2 centaur skeletons (D:4)
  An iguana (D:5)
  8 orc wizards
  A killer bee zombie (D:7)
  A howler monkey zombie (D:9)
  Robin (D:2)
  5 gnolls
  2 howler monkey skeletons
  6 adders
  A shadow imp (D:8)
  3 white imps
  An adder skeleton (D:4)
  A worm (D:2)
  5 dart slugs
  19 orcs
  6 endoplasms
  4 giant cockroaches
  9 goblins
  5 hobgoblins
  4 jackals (D:5)
  4 quokkas
  9 ball pythons
  2 bats (D:1)
  2 frilled lizards (D:1)
  17 kobolds
  4 rats
190 creatures vanquished.

Vanquished Creatures (others)
  An orc wizard (D:4)
1 creature vanquished.

Grand Total: 191 creatures vanquished

Notes
Turn   | Place    | Note
-------+----------+-------------------------------------------
     0 | D:1      | shoop the Ogre Hunter began the quest for the Orb.
     0 | D:1      | Reached XP level 1. HP: 22/22 MP: 1/1
   668 | D:1      | Reached skill level 1 in Stealth
   668 | D:1      | Reached XP level 2. HP: 29/31 MP: 2/2
   729 | D:1      | Found a faded altar of an unknown god.
  1336 | D:1      | Reached skill level 1 in Maces & Flails
  1459 | D:2      | Found a sacrificial altar of Ru.
  1680 | D:2      | Reached XP level 3. HP: 27/37 MP: 3/3
  1815 | D:2      | Reached skill level 2 in Maces & Flails
  2594 | D:2      | Noticed Robin
  2607 | D:2      | Killed Robin
  2608 | D:2      | Reached XP level 4. HP: 32/45 MP: 2/4
  2901 | D:3      | You fall into a shaft and drop 3 floors!
  2945 | D:6      | Reached skill level 3 in Maces & Flails
  2945 | D:6      | Reached XP level 5. HP: 13/54 MP: 2/5
  3365 | D:6      | Found a transporter.
  3365 | D:6      | Noticed Esekla's ghost (amateur DrDe)
  3365 | D:6      | Noticed an ogre
  3379 | D:6      | Found a snail-covered altar of Cheibriados.
  3397 | D:6      | Noticed a necrophage
  3430 | D:6      | Killed a necrophage
  3431 | D:6      | Reached skill level 4 in Maces & Flails
  3431 | D:6      | Reached XP level 6. HP: 35/64 MP: 2/6
  3644 | D:6      | Found Zuihuamu's Weapon Boutique.
  3658 | D:6      | Noticed a black bear
  3699 | D:6      | Found a staircase to the Ecumenical Temple.
  3705 | Temple   | Entered the Ecumenical Temple
  3717 | Temple   | Became a worshipper of Warmaster Okawaru
  3773 | D:6      | Killed a black bear
  3774 | D:6      | Reached skill level 5 in Fighting
  3932 | D:5      | Entered Level 5 of the Dungeon
  4019 | D:5      | Found a runed translucent gate.
  4019 | D:5      | Found a runed translucent gate.
  4019 | D:5      | Found a runed translucent gate.
  4021 | D:5      | Noticed a water moccasin
  4025 | D:5      | Noticed ooooo's ghost (novice OpCj)
  4203 | D:4      | Reached * piety under Okawaru
  4204 | D:4      | Reached XP level 7. HP: 65/75 MP: 4/7
  4369 | D:4      | Reached skill level 5 in Maces & Flails
  4790 | D:3      | Found a shadowy altar of Dithmenos.
  5047 | D:3      | Found a runed translucent door.
  5055 | D:3      | Noticed GrayStillPlays's ghost (amateur DsFi)
  6409 | D:4      | Reached XP level 8. HP: 38/88 MP: 6/8
  6749 | D:5      | Reached skill level 6 in Maces & Flails
  7434 | D:6      | Found a transporter.
  7528 | D:6      | Identified the +9 great mace "Utryr" {venom, Str+4 Dex+2
                  | Stlth-}
  7719 | D:7      | Reached ** piety under Okawaru
  7720 | D:7      | Reached skill level 1 in Invocations
  7743 | D:6      | Reached skill level 7 in Maces & Flails
  8360 | D:7      | Reached XP level 9. HP: 100/101 MP: 10/10
  8671 | D:7      | Reached skill level 10 in Fighting
  9255 | D:8      | Reached *** piety under Okawaru
  9363 | D:8      | Noticed Maurice
  9391 | D:8      | Killed Maurice
  9392 | D:8      | Reached skill level 8 in Maces & Flails
  9887 | D:6      | Reached skill level 5 in Invocations
  9887 | D:6      | Reached skill level 1 in Evocations
 10208 | D:6      | Killed Esekla's ghost
 10377 | D:8      | Reached **** piety under Okawaru
 10408 | D:7      | Reached skill level 9 in Maces & Flails
 10408 | D:7      | Reached XP level 10. HP: 32/110 MP: 6/13
 10942 | D:8      | Received a gift from Okawaru
 11279 | D:8      | Noticed a gargoyle
 11289 | D:8      | Killed a gargoyle
 11290 | D:8      | Reached skill level 10 in Maces & Flails
 12760 | D:9      | Found a staircase to the Lair.
 12878 | D:9      | Paralysed by a hornet for 2 turns
 12967 | D:9      | Reached skill level 5 in Throwing
 13265 | D:9      | Identified a scroll of acquirement
 13481 | D:10     | Entered Level 10 of the Dungeon
 13689 | D:10     | Noticed a gargoyle
 13693 | D:9      | Reached ***** piety under Okawaru
 13886 | Lair:1   | Entered Level 1 of the Lair of Beasts
 13892 | Lair:1   | Reached skill level 11 in Maces & Flails
 13893 | Lair:1   | Reached XP level 11. HP: 110/117 MP: 14/14
 13952 | Lair:1   | HP: 5/117 [poisoned by a cane toad]
 13952 | Lair:1   | HP: 2/117 [cane toad (3)]
 13952 | Lair:1   | Slain by a cane toad

Illustrated notes

Levels and vault maps discovered:
D:1:      minmay_arrival_jagged, layout_basic, shapermc_ecumenical_altar_venn,
          serial_bayou_crossing
D:2:      layout_basic, basic_altar, grunt_ministairs_8, eino_tiny_chamber,
          minmay_hexomino_c4, uniq_robin
D:3:      layout_basic, mainiacjoe_overflow_alcove_2, ebering_ghost_sewer_d,
          st_stairs_14
D:4:      layout_basic, kennysheep_generic_room_6
D:5:      layout_rooms, gammafunk_ghost_split, kennysheep_generic_room_2
D:6:      layout_rooms, lemuel_crystal_altar, minmay_temple_entry_fiery,
          gammafunk_ghost_smash, serial_shops, nicolae_shop_bloodbath_and_beyond
D:7:      layout_cave_pools
D:8:      layout_layer_cave, uniq_maurice
D:9:      layout_grid_maze, lair_entry_dummy, minivault_19,
          wad_floor_pattern_untrapped, minmay_diced_spiral
D:10:     layout_gridville, nicolae_wu_jian_glorious_leap, orc_0_dummy
Temple:   mainiacjoe_temple_bowtie_tessellation
Lair:1:   layout_big_grid, grunt_megastairs_3, uniq_gastronok

Skill      XL: |  1  2  3  4  5  6  7  8  9 10 |
---------------+-------------------------------+-----
Fighting       | 3 4 6 7 9 10 | 10.0
Dodging        | 2 3 |  3.9
Stealth        | 1 |  1.0
Maces & Flails | 1 2 3 4 5 7 9 11 | 11.0
Invocations    | 2 5 |  5.0
Evocations     | 3 |  3.0
Throwing       | 5 |  5.5

Action                   |  1- 3 |  4- 6 |  7- 9 | 10-12 || total
-------------------------+-------+-------+-------+-------++-------
Melee: Short sword       |    34 |       |       |       ||    34
       Punch             |     2 |     2 |     4 |       ||     8
       Mace              |    98 |    68 |       |       ||   166
       Flail             |       |    42 |   328 |       ||   370
       Great mace        |       |       |     9 |   120 ||   129
Throw: Throwing net      |     2 |     2 |       |       ||     4
       Stone             |       |    28 |    64 |     1 ||    93
       Large rock        |       |     6 |     2 |       ||     8
Invok: Heroism           |       |       |     3 |     3 ||     6
  Use: Potion            |       |     1 |     1 |     1 ||     3
       Scroll            |       |       |     7 |     2 ||     9
 Stab: Sleeping          |     2 |       |     2 |       ||     4
Armor: Robe              |    42 |    40 |    74 |     9 ||   165
       Steam dragon scal |       |       |       |    27 ||    27
Dodge: Dodged            |    80 |    63 |   151 |    78 ||   372
